 Dungeon Crawl Stone Soup version 0.17-a0-1863-g715b4b0 (webtiles) character file.

6072 matakusis the Nimble (level 10, -1/74 HPs)
             Began as a Demonspawn Gladiator on Sept 14, 2015.
             Was a Believer of Yredelemnul.
             Slain by a killer bee (2 damage)
             ... on level 9 of the Dungeon on Sept 20, 2015.
             The game lasted 00:47:53 (8630 turns).

matakusis the Nimble (Demonspawn Gladiator)         Turns: 8630, Time: 00:47:53

Health: -1/74      AC: 20    Str: 16    XL:     10   Next: 57%
Magic:  21/21      EV: 13    Int:  9    God:    Yredelemnul [**....]
Gold:   619        SH: 10    Dex: 17    Spells: 0 memorised, 9 levels left

rFire  + . .     SeeInvis .     B - +3 hand axe (freeze)
rCold  + . .     Clarity  .     j - +4 scale mail "Reas Mij" {MP+9}
rNeg   . . .     SustAt   .     y - +0 shield
rPois  +         Gourm    .     f - +1 hat
rElec  .         Spirit   .     t - +2 cloak {rPois}
rCorr  .         Warding  .     m - +0 pair of gloves
rMut   .         Stasis   .     (no boots)
MR     .....                    (no amulet)
Stlth  ..........               (no ring)
                                (no ring)

@: not resistant to hostile enchantments, extremely unstealthy
A: claws 1, hooves 1, icy blue scales 3, blurry vision 1, demonic guardian 1,
fire resistance 1
a: Animate Remains, Recall Undead Slaves, Injury Mirror, Renounce Religion


You were on level 9 of the Dungeon.
You worshipped Yredelemnul.
Yredelemnul was pleased with you.
You were not hungry.

You visited 2 branches of the dungeon, and saw 12 of its levels.

You collected 619 gold pieces.

Inventory:

Hand weapons
 B - a +3 hand axe of freezing (weapon)
Armour
 f - a +1 hat (worn)
 j - the +4 scale mail "Reas Mij" (worn) {MP+9}
   (You took it off an orc on level 9 of the Dungeon)

   It affects your magic capacity (+9).
 m - a +0 pair of gloves (worn)
 r - a +1 leather armour of poison resistance
 t - a +2 cloak of poison resistance (worn)
 y - a +0 shield (worn)
Jewellery
 G - an uncursed amulet of resist mutation
Magical devices
 h - a wand of polymorph (7)
Scrolls
 c - a scroll of fog
 o - a scroll of recharging
 p - 2 scrolls of identify
 s - 5 scrolls of remove curse
 z - 2 scrolls of amnesia
 J - a scroll of magic mapping
Potions
 g - a potion of magic
 l - 5 potions of flight
 n - a potion of brilliance
 D - 2 potions of cancellation
Books
 w - a book of Envenomations

   Spells                             Type                      Level
   a - Spider Form                    Transmutation/Poison         3
   b - Alistair's Intoxication        Transmutation/Poison         4
   c - Olgreb's Toxic Radiance        Poison                       4
   d - Poisonous Cloud                Conjuration/Poison/Air       6
 x - a book of Beasts

   Spells                             Type                      Level
   a - Summon Butterflies             Summoning                    1
   b - Call Canine Familiar           Summoning                    3
   c - Summon Ice Beast               Ice/Summoning                4
   d - Summon Mana Viper              Hexes/Summoning              5
   e - Summon Hydra                   Summoning                    7
 A - a Young Poisoner's Handbook

   Spells                             Type                      Level
   a - Sting                          Conjuration/Poison           1
   b - Cure Poison                    Poison                       2
   c - Mephitic Cloud                 Conjuration/Poison/Air       3
   d - Olgreb's Toxic Radiance        Poison                       4
   e - Venom Bolt                     Conjuration/Poison           5
 F - a book of Callings

   Spells                             Type                      Level
   a - Summon Small Mammal            Summoning                    1
   b - Call Imp                       Summoning                    2
   c - Call Canine Familiar           Summoning                    3
   d - Summon Guardian Golem          Hexes/Summoning              3
   e - Summon Lightning Spire         Summoning/Air                4
   f - Summon Ice Beast               Ice/Summoning                4
Comestibles
 e - 4 bread rations
 i - 4 meat rations
 k - 8 fruits


   Skills:
 + Level 5.3 Fighting
 + Level 6.5 Axes
 - Level 1.7 Throwing
 + Level 4.0 Armour
 * Level 10.3 Dodging
 * Level 5.8 Shields
 + Level 3.4 Invocations


You had 9 spell levels left.
You didn't know any spells.

Dungeon Overview and Level Annotations

Branches:
Dungeon (11/15)            Temple (1/1) D:4
   Lair: D:8-11         Orc: D:9-12

Altars:
Ashenzari
Cheibriados
Dithmenos
Elyvilon
Fedhas
Gozag
Kikubaaqudgha
Makhleb
Nemelex Xobeh
Okawaru
Qazlal
Ru
Sif Muna
Trog
Vehumet
Xom
Yredelemnul
Zin
The Shining One


Innate Abilities, Weirdness & Mutations

You have sharp fingernails.
You are completely covered in icy blue scales (AC +4, EV -1, rC+).
A weak demonic guardian rushes to your aid.
Your flesh is heat resistant.
You have large cloven feet.
Scrolls take you a little longer to read.


Message History

The killer bee stings you but does no damage.
The killer bee stings you.
* * * LOW HITPOINT WARNING * * *
Your quasit barely misses the killer bee.
Your quasit closely misses the killer bee.
Your quasit misses the killer bee. You block the killer bee's attack.
The killer bee stings you but does no damage.
The killer bee barely misses you.
Your quasit closely misses the killer bee.
Your quasit claws the killer bee.
Your quasit completely misses the killer bee.
You block the killer bee's attack. The killer bee barely misses you.
You block the killer bee's attack. The killer bee misses you.
You block the killer bee's attack.
Your quasit misses the killer bee.
Your quasit claws the killer bee but does no damage.
Your quasit barely misses the killer bee.
The killer bee stings you.
You die...
Your body rises from the dead as a mindless zombie.

.......(.................#
................>........#
.(.................?.....#
.........................#
........................##
....##..#................
##..###..................
##.## #.....5..y.....(..
...# ##..>..yyy@.......
#.s#####.......y........
...#....................
..Y..####.......#.......
....## ##.....#######..
....# ####### # .%..#
...## ..##


You could see 5 killer bees and a friendly quasit.

Vanquished Creatures
  Gastronok (D:8)
  The ghost of asdu the Cleaver, an experienced GrBe of Trog (D:8)
  2 trolls
  Prince Ribbit (D:8)
  Sigmund (D:2)
  A wyvern (D:8)
  3 yaks (D:9)
  A water moccasin (D:9)
  2 sky beasts
  2 orc warriors (D:9)
  An ice beast (D:5)
  A centaur (D:9)
  A black bear (D:6)
  An ogre (D:5)
  2 giant frogs
  3 scorpions
  5 wights (D:7)
  2 crimson imps
  A giant frog zombie (D:7)
  A quasit (D:10)
  3 jellies
  3 hounds
  6 orc wizards
  Ijyb (D:2)
  An orc priest (D:9)
  2 centaur skeletons
  3 giant frog skeletons
  3 iguanas
  5 worker ants
  A killer bee zombie (D:6)
  A hound zombie (D:6)
  A worker ant zombie (D:5)
  9 adders
  6 gnolls
  A river rat (D:10)
  A shadow imp (D:10)
  2 oozes
  2 adder zombies
  31 orcs
  2 giant cockroaches
  9 hobgoblins
  13 jackals
  5 quokkas
  13 bats
  4 giant geckos
  2 giant gecko skeletons
  7 giant newts
  7 goblins
  7 kobolds
  A quokka skeleton (D:4)
  8 rats
193 creatures vanquished.

Vanquished Creatures (collateral kills)
  2 yaks
  A wyvern (D:8)
  A water moccasin (D:9)
  A sky beast (D:6)
  An ogre (D:7)
  A giant frog (D:10)
  A scorpion (D:6)
  A killer bee (D:10)
  2 crimson imps
  An orc wizard (D:7)
  A centaur zombie (D:5)
  A worker ant (D:9)
  3 orcs
  A giant cockroach (D:3)
18 creatures vanquished.

Vanquished Creatures (others)
  An elephant slug zombie (D:8)
  A wyvern zombie (D:8)
  A centaur zombie (D:9)
  A giant frog zombie (D:10)
  A worker ant zombie (D:9)
  A scorpion zombie (D:9)
  A giant newt zombie (D:6)
  5 orc zombies
  10 fungi (D:10)
  11 plants (D:10)
33 creatures vanquished.

Grand Total: 244 creatures vanquished

Notes
Turn   | Place    | Note
--------------------------------------------------------------
     0 | D:1      | matakusis the Demonspawn Gladiator began the quest for the Orb.
     0 | D:1      | Reached XP level 1. HP: 16/16 MP: 1/1
   451 | D:1      | Gained mutation: You are partially covered in icy blue scales (AC +1). [demonic ancestry]
   451 | D:1      | Reached XP level 2. HP: 20/22 MP: 2/2
   660 | D:1      | Reached skill level 3 in Dodging
   911 | D:2      | Gained mutation: You are mostly covered in icy blue scales (AC +3, EV -1). [demonic ancestry]
   911 | D:2      | Reached XP level 3. HP: 13/28 MP: 3/3
  1104 | D:2      | Noticed Sigmund
  1124 | D:2      | Killed Sigmund
  1124 | D:2      | Reached skill level 1 in Armour
  1124 | D:2      | Reached skill level 4 in Dodging
  1124 | D:2      | Gained mutation: Your flesh is heat resistant. [demonic ancestry]
  1124 | D:2      | Reached XP level 4. HP: 15/34 MP: 4/4
  1124 | D:2      | Gained mutation: A weak demonic guardian rushes to your aid. [demonic ancestry]
  1124 | D:2      | Reached XP level 5. HP: 17/39 MP: 5/5
  1287 | D:2      | Noticed Ijyb
  1306 | D:2      | Killed Ijyb
  1499 | D:3      | Reached XP level 6. HP: 28/46 MP: 6/6
  2158 | D:4      | Found a staircase to the Ecumenical Temple.
  2203 | D:4      | Reached skill level 5 in Dodging
  2232 | D:4      | Found a burning altar of Makhleb.
  2277 | Temple   | Entered the Ecumenical Temple
  2424 | Temple   | Became a worshipper of Yredelemnul the Dark
  2680 | D:4      | Gained mutation: You are robust (+10% HP). [mutagenic meat]
  2681 | D:4      | Gained mutation: Scrolls take you a little longer to read. [mutagenic meat]
  2682 | D:4      | Gained mutation: Your spells are a little harder to cast, but a little more powerful. [mutagenic meat]
  2683 | D:4      | Gained mutation: You have large cloven feet. [mutagenic meat]
  2684 | D:4      | Lost mutation: You are robust (+10% HP). [mutagenic meat]
  2685 | D:4      | Lost mutation: Your spells are a little harder to cast, but a little more powerful. [mutagenic meat]
  2773 | D:4      | Gained mutation: You have sharp fingernails. [demonic ancestry]
  2773 | D:4      | Reached XP level 7. HP: 47/52 MP: 7/7
  3107 | D:5      | Entered Level 5 of the Dungeon
  3237 | D:5      | Acquired Yredelemnul's first power
  3360 | D:5      | Reached skill level 6 in Dodging
  3629 | D:5      | Found a bloodstained altar of Trog.
  3831 | D:6      | Reached XP level 8. HP: 53/60 MP: 8/8
  3837 | D:6      | Reached skill level 1 in Shields
  3837 | D:6      | Reached skill level 1 in Invocations
  3907 | D:6      | Reached skill level 5 in Axes
  4083 | D:6      | HP: 1/60 [acid (9)]
  4088 | D:6      | Reached skill level 7 in Dodging
  4266 | D:6      | Found a deep blue altar of Sif Muna.
  4322 | D:6      | Gained mutation: You are completely covered in icy blue scales (AC +4, EV -1, rC+). [mutagenic meat]
  5504 | D:8      | Noticed asdu's ghost (experienced GrBe)
  5519 | D:8      | Mutation became permanent: You are completely covered in icy blue scales (AC +4, EV -1, rC+). [demonic ancestry]
  5519 | D:8      | Reached XP level 9. HP: 62/65 MP: 10/10
  5531 | D:8      | Killed asdu's ghost
  5531 | D:8      | Reached skill level 8 in Dodging
  5597 | D:8      | Found a shadowy altar of Dithmenos.
  5855 | D:8      | Noticed Prince Ribbit
  5902 | D:8      | Noticed Gastronok
  5927 | D:8      | HP: 1/66 [Gastronok/the air (19)]
  5962 | D:8      | Killed Gastronok
  5962 | D:8      | Reached skill level 5 in Fighting
  5962 | D:8      | Reached skill level 9 in Dodging
  6635 | D:9      | Reached XP level 10. HP: 14/74 MP: 12/12
  7112 | D:8      | Killed Prince Ribbit
  7156 | D:9      | Reached skill level 5 in Shields
  7308 | D:9      | Got a jewelled scale mail
  7330 | D:9      | Acquired Yredelemnul's second power
  7338 | D:10     | Entered Level 10 of the Dungeon
  7550 | D:11     | Identified the +4 scale mail "Reas Mij" {MP+9} (You took it off an orc on level 9 of the Dungeon)
  7584 | D:10     | Reached skill level 10 in Dodging
  8369 | D:8      | Upgraded the game from 0.17-a0-1831-gaadb308 to 0.17-a0-1863-g715b4b0
  8417 | D:8      | Your ally Gastronok died
  8628 | D:9      | HP: 1/74 [killer bee (5)]
  8630 | D:9      | Slain by a killer bee

Vault maps used:
D:1:      saegor_arrival_simple_e, minmay_parallelograms,
          corexii_hall_statues_t, corexii_item_surrounded_by_moat,
          minmay_door_square, minmay_close_crescents
D:2:      first_bread, uniq_sigmund, uniq_iyjb
D:4:      lemuel_coloured_pillars_altar, minmay_temple_entry_purple_smoke
D:5:      bloody_trog
D:6:      kennysheep_mini
D:8:      basic_altar, uniq_gastronok, uniq_prince_ribbit1
D:9:      hiddenorc2_lemuel, hangedman_tree_tricks
D:10:     grunt_lair_entry_elf_guard_hut
D:11:     uniq_josephine
Temple:   nicolae_temple_elliptical

Action                   |  1- 3 |  4- 6 |  7- 9 | 10-12 || total
-------------------------+-------+-------+-------+-------++-------
Melee: War axe           |    88 |   139 |   238 |       ||   465
       Hand axe          |       |       |   184 |   217 ||   401
Throw: Throwing net      |     5 |       |       |     4 ||     9
Invok: Animate Remains   |       |       |    10 |     7 ||    17
  Use: Scroll            |       |    12 |     8 |     5 ||    25
       Potion            |       |     1 |     9 |     1 ||    11
 Stab: Held in net/web   |     1 |       |       |     1 ||     2
       Sleeping          |       |     2 |     1 |       ||     3
       Distracted        |       |       |     1 |     1 ||     2
  Eat: Chunk             |     1 |    11 |     8 |       ||    20
       Bread ration      |       |       |     1 |       ||     1
       Meat ration       |       |       |     1 |       ||     1
       Beef jerky        |       |       |       |     2 ||     2
       Royal jelly       |       |       |       |     1 ||     1
